 Dungeon Crawl Stone Soup version 0.18-a0-142-gfdd910a (webtiles) character file.

505 Duffy the Firebug (level 7, -8/55 HPs)
             Began as a Naga Fire Elementalist on Nov 22, 2015.
             Was a Follower of Ashenzari.
             Killed from afar by Duffy's ghost (28 damage)
             ... with a stone arrow
             ... on level 4 of the Dungeon.
             The game lasted 00:07:28 (4440 turns).

Duffy the Firebug (Naga Fire Elementalist)          Turns: 4440, Time: 00:07:29

Health: -8/55      AC:  5    Str: 10    XL:     7   Next: 18%
Magic:  1/11       EV: 10    Int: 16    God:    Ashenzari [*.....]
Gold:   192        SH:  0    Dex: 13    Spells: 3 memorised, 3 levels left

rFire  . . .     SeeInvis +     w - +3 quarterstaff (chaos)
rCold  . . .     Clarity  +     a - +0 robe
rNeg   . . .     SustAt   .     (shield currently unavailable)
rPois  +         Gourm    .     (no helmet)
rElec  .         Spirit   .     x - +0 cloak
rCorr  .         Warding  .     f - +0 pair of gloves
rMut   .         Stasis   .     (no barding)
MR     .....                    q - amulet of clarity
Stlth  +.........               (no ring)
                                g - ring of loudness (curse)

@: very slow, not resistant to hostile enchantments, very unstealthy
A: see invisible, deformed body, poison resistance, slowness 2, slow metabolism
1, spit poison 2, AC +2
a: Spit Poison, Scrying, Renounce Religion


You were on level 4 of the Dungeon.
You worshipped Ashenzari.
Ashenzari was aware of your devotion.
You were hungry.

You visited 1 branch of the dungeon, and saw 4 of its levels.

You collected 192 gold pieces.


Innate Abilities, Weirdness & Mutations

You cannot wear boots.
Your serpentine skin is tough (AC +2).
You have supernaturally acute eyesight.
Armour fits poorly on your strangely shaped body.
Your system is resistant to poisons.
You cover ground very slowly.
You have a slow metabolism.
You can spit poison.


   Skills:
 - Level 1.5 Dodging
 - Level 3.0 Stealth
 + Level 2.7 Spellcasting
 + Level 5.1 Conjurations
 + Level 5.5 Fire Magic


You had 3 spell levels left.
You knew the following spells:

 Your Spells              Type           Power        Failure   Level  Hunger
a - Flame Tongue          Conj/Fire      ###..        1%          1    #......
c - Conjure Flame         Conj/Fire      ###.....     8%          3    ###....
s - Sticky Flame          Conj/Fire      ###.....     21%         4    #####..

Inventory:

Hand Weapons
 d - a +0 dagger
 t - a +0 hunting sling
 w - a +3 quarterstaff of chaos (weapon)
Missiles
 i - 8 curare-tipped needles
 s - 89 stones (quivered)
 z - 2 throwing nets
Armour
 a - a +0 robe (worn)
 f - a +0 pair of gloves (worn)
 x - a +0 cloak (worn)
Jewellery
 g - a cursed ring of loudness (left hand)
 q - an amulet of clarity (around neck)
Scrolls
 e - a scroll of noise {unknown}
 j - 2 scrolls of immolation
 k - 2 scrolls of fear
 o - 2 scrolls of curse jewellery
 p - a scroll of curse weapon
 y - 2 scrolls of amnesia
 B - a scroll of fog {unknown}
 C - 2 scrolls of recharging {unknown}
 E - 5 scrolls of remove curse
 F - 2 scrolls of teleportation {unknown}
Potions
 l - a potion of cancellation
 u - 2 potions of agility
 v - a potion of haste
 D - a potion of berserk rage
Books
 b - a book of Flames
Comestibles
 c - 5 bread rations
 h - 2 beef jerkies
 m - 4 fruits
 n - a meat ration
 r - a chunk of flesh
 A - a royal jelly
 G - a slice of pizza

Dungeon Overview and Level Annotations

Branches:
Dungeon (4/15)
 Temple: D:4-7

Altars:
Ashenzari
Elyvilon
Nemelex Xobeh
Ru
Zin

Annotations:
D:4 Duffy's ghost, novice FoEE


Message History

Press: ? - help, Shift-Dir - straight line, f/p - Duffy's ghost
Aim: Duffy's ghost, wielding a weapon of pain (lightly damaged)
The flame tongue misses Duffy's ghost.
Cast which spell? (? or * to list)
Aiming: Flame Tongue
Press: ? - help, Shift-Dir - straight line, f/p - Duffy's ghost
Aim: Duffy's ghost, wielding a weapon of pain (lightly damaged)
The flame tongue hits Duffy's ghost.
Duffy's ghost appears unharmed.
Duffy's ghost is lightly damaged.
Cast which spell? (? or * to list)
Aiming: Flame Tongue
Press: ? - help, Shift-Dir - straight line, f/p - Duffy's ghost
Aim: Duffy's ghost, wielding a weapon of pain (lightly damaged)
The flame tongue hits Duffy's ghost.
Duffy's ghost appears unharmed.
Duffy's ghost is lightly damaged.
Duffy's ghost gestures at you while chanting.
The rocky blast hits you!
Cast which spell? (? or * to list)
Aiming: Flame Tongue
Press: ? - help, Shift-Dir - straight line, f/p - Duffy's ghost
Aim: Duffy's ghost, wielding a weapon of pain (lightly damaged)
The flame tongue hits Duffy's ghost.
Duffy's ghost appears unharmed.
Duffy's ghost is lightly damaged.
Duffy's ghost casts a spell at you. The rocky blast hits you!
Cast which spell? (? or * to list)
You don't have enough magic to cast that spell.
Cast which spell? (? or * to list)
You don't have enough magic to cast that spell.
Duffy's ghost points at you and mumbles some strange words.
The rocky blast hits you!
Duffy's ghost gestures at you while chanting.
The stone arrow hits you!
Ouch! That really hurt!
You die...

......##..#####..).
#.##...........#
.#####......#.# #
###......#.###.##
..........#......##
#####......#####..#.
###.###.###.....
#.####...###
#.@........#
#W####.###.#
#.####.# .. #....#.#
# #####.##.#.#
#.[......#.#
#.###......# #
###..### ....#


You could see Duffy's ghost.

Action                   |  1- 3 |  4- 6 |  7- 9 || total
-------------------------+-------+-------+-------++-------
Melee: Dagger            |    29 |       |       ||    29
       Quarterstaff      |       |    97 |    10 ||   107
 Cast: Flame Tongue      |    55 |    49 |     9 ||   113
       Conjure Flame     |       |     1 |     1 ||     2
 Abil: Spit Poison       |    10 |     1 |       ||    11
  Use: Scroll            |     1 |     5 |     3 ||     9
 Stab: Sleeping          |       |     1 |       ||     1
       Paralysed         |       |     1 |       ||     1
  Eat: Chunk             |     4 |     6 |     1 ||    11

Notes
Turn   | Place    | Note
--------------------------------------------------------------
     0 | D:1      | Duffy the Naga Fire Elementalist began the quest for the Orb.
     0 | D:1      | Reached XP level 1. HP: 15/15 MP: 3/3
   279 | D:1      | Reached skill level 2 in Conjurations
   279 | D:1      | Reached XP level 2. HP: 22/22 MP: 3/5
   519 | D:1      | Found a shattered altar of Ashenzari.
   532 | D:1      | Became a worshipper of Ashenzari the Shackled
  1078 | D:1      | Reached XP level 3. HP: 26/28 MP: 4/6
  1358 | D:1      | Reached skill level 3 in Conjurations
  1968 | D:2      | Noticed Sigmund
  2000 | D:2      | Learned a level 3 spell: Conjure Flame
  2116 | D:2      | Noticed Crazy Yiuf
  2123 | D:2      | Killed Crazy Yiuf
  2123 | D:2      | Reached XP level 4. HP: 36/36 MP: 2/7
  2375 | D:2      | Reached * piety under Ashenzari
  2520 | D:2      | Found a glowing silver altar of Zin.
  2920 | D:2      | Killed Sigmund
  2920 | D:2      | Reached skill level 4 in Conjurations
  2920 | D:2      | Reached skill level 4 in Fire Magic
  2920 | D:2      | Reached XP level 5. HP: 37/42 MP: 3/8
  2920 | D:2      | Reached XP level 6. HP: 43/49 MP: 3/9
  3147 | D:2      | Found a sacrificial altar of Ru.
  3207 | D:2      | Reached skill level 5 in Fire Magic
  3304 | D:2      | Learned a level 4 spell: Sticky Flame
  3557 | D:3      | Found a sparkling altar of Nemelex Xobeh.
  3558 | D:3      | Found a white marble altar of Elyvilon.
  3957 | D:3      | Noticed a water moccasin
  3977 | D:3      | Killed a water moccasin
  3977 | D:3      | Reached skill level 5 in Conjurations
  3977 | D:3      | Reached XP level 7. HP: 55/55 MP: 1/11
  4420 | D:4      | Noticed Duffy's ghost (novice FoEE)
  4440 | D:4      | Killed from afar by Duffy's ghost

Vault maps used:
D:1:      minmay_arrival_pointy, ashenzari_altar_1
D:2:      zin_scriptorium, kennysheep_nub, nicolae_ru_the_path_less_chosen,
          uniq_sigmund, uniq_crazy_yiuf_cottage
D:3:      gammafunk_temple_overflow_pools, first_bread
D:4:      nicolae_qazlal_general_emergency

Vanquished Creatures
  Sigmund
  A water moccasin Crazy Yiuf
  An orc wizard
  7 adders
  3 gnolls
  A river rat (shapeshifter)
  An ooze
  7 orcs
  A ball python
  6 bats
  A giant cockroach
  8 hobgoblins
  2 jackals
  4 quokkas
  A giant gecko
  6 giant newts
  15 goblins
  8 kobolds
  14 rats
  2 fungi
91 creatures vanquished.
